 Dungeon Crawl Stone Soup version 0.26-a0-774-g1415c89e12 (webtiles) character file.

Game seed: 3102256375097185161

86 Decritt the Skirmisher (level 4, -11/29 HPs)
             Began as a Gargoyle Fighter on Nov 9, 2020.
             Killed by divine providence
             ... invoked by an orc priest
              (13 damage)
             ... on level 3 of the Dungeon.
             The game lasted 00:05:56 (2458 turns).

Decritt the Skirmisher (Gargoyle Fighter)           Turns: 2458, Time: 00:05:56

Health: -11/29     AC: 12    Str: 21    XL:     4   Next: 49%
Magic:  4/4        EV: 11    Int:  8    God:
Gold:   160        SH: 14    Dex:  9    Spells: 3/3 levels left

rFire    . . .     SeeInvis .   a - +0 flail
rCold    . . .     Faith    .   c - +0 kite shield
rNeg     + . .     Spirit   .   b - +0 scale mail
rPois    ∞         Reflect  +   o - +0 helmet
rElec    +         Harm     .   n - +0 cloak
rCorr    .         Rampage  .   (no gloves)
MR       .....                  (no boots)
Stlth    ..........             u - amulet of reflection
HPRegen  0.09/turn              t - +4 ring of evasion
MPRegen  0.09/turn              (no ring)

@: no status effects
A: negative energy resistance 1, electricity resistance, unbreathing,
petrification resistance, rot immunity, AC +3
a: no special abilities


You were on level 3 of the Dungeon.
You visited 1 branch of the dungeon, and saw 3 of its levels.

You collected 160 gold pieces.

Inventory:

Hand Weapons
 a - a +0 flail (weapon)
Missiles
 q - a poisoned dart (quivered)
Armour
 b - a +0 scale mail (worn)
 c - a +0 kite shield (worn)
 n - a +0 cloak (worn)
 o - a +0 helmet (worn)
Jewellery
 t - a +4 ring of evasion (left hand)
 u - an amulet of reflection (around neck)
Scrolls
 e - 2 scrolls of teleportation {unknown}
 f - 2 scrolls of remove curse
 h - a scroll of fog {unknown}
 i - a scroll of amnesia {unknown}
 l - a scroll of enchant armour {unknown}
 m - a scroll of fear
 r - a scroll of identify
Potions
 d - a potion of might
 g - a potion of berserk rage {unknown}
 j - 2 potions of ambrosia
 k - a potion of heal wounds {unknown}
 p - a potion of lignification {unknown}


   Skills:
 * Level 4.2 Fighting
 * Level 3.0 Maces & Flails
 + Level 3.7 Armour
 + Level 3.8 Shields


You had 3 spell levels left.
You didn't know any spells.
Your spell library was empty.

Dungeon Overview and Level Annotations

Branches:
Dungeon (3/15)

Altars:
Dithmenos
Gozag
Makhleb
Ru
Vehumet


Innate Abilities, Weirdness & Mutations

You are resistant to torment.
Your stone body is resilient. (AC +3)
You are immune to poison.
You resist negative energy. (rN+)
You are resistant to electric shocks. (rElec)
You can survive without breathing.
You are immune to petrification.
You are immune to rotting.


Message History

The orc wizard points at you and mumbles some strange words.
You are confused.
The orc priest hits you but does no damage.
The orc wizard gestures at you while chanting.
The puff of flame misses you.
The orc priest mumbles some strange prayers to Beogh against you.
Beogh smites you!
* * * LOW HITPOINT WARNING * * *
You bump into the rock wall.
The orc wizard gestures at you while chanting.
The puff of flame misses you.
You bump into the rock wall.
The orc wizard gestures at you while chanting.
The puff of flame hits you!
* * * LOW HITPOINT WARNING * * *
You bump into the rock wall.
You feel less confused.
The orc priest calls down the wrath of Beogh upon you.
Beogh smites you!
You die...

#.###########.#.#
#.......#.....#.#
######.#...#..#.#
########.............#.#
...>..........[......#.#
.############.###..#.#.#
.#... #......# #..#.#.#
_..# #.########..#.#.#
.#... #.....oo.@..#.#.#
.....# #####.#####.#...#
.....#.....o..........##
####.#.......#####.####
#.##.##########.# #...
.........# #..#
########..# #..#
..........# #..#
.######...########


You could see an orc priest and an orc wizard.

Vanquished Creatures
  3 adders
  A worm (D:2)
  A dart slug (D:2)
  2 leopard geckos
  An orc (D:3)
  4 bats
  3 giant cockroaches
  7 goblins
  9 hobgoblins
  4 jackals (D:2)
  A quokka (D:2)
  4 frilled lizards
  A kobold (D:1)
  6 rats
47 creatures vanquished.

Notes
Turn   | Place    | Note
-------+----------+-------------------------------------------
     0 | D:1      | Decritt the Gargoyle Fighter began the quest for the Orb.
     0 | D:1      | Reached XP level 1. HP: 14/14 MP: 1/1
   413 | D:1      | Reached XP level 2. HP: 19/19 MP: 2/2
   771 | D:2      | Reached XP level 3. HP: 20/24 MP: 3/3
   890 | D:2      | Found a sacrificial altar of Ru.
  1158 | D:2      | Found a burning altar of Makhleb.
  1158 | D:2      | Found a radiant altar of Vehumet.
  1327 | D:2      | Reached skill level 4 in Fighting
  1796 | D:3      | Reached XP level 4. HP: 29/29 MP: 4/4
  1959 | D:3      | Found a shadowy altar of Dithmenos.
  2406 | D:3      | Found an opulent altar of Gozag.
  2458 | D:3      | Killed from afar by an orc priest

Illustrated notes

Levels and vault maps discovered:
D:1:      shiori_arrival_oz, layout_loops_cross
D:2:      layout_basic, gammafunk_temple_overflow_statue,
          overflow_temple_1_default
D:3:      layout_basic, nicolae_overflow_crystal_walls, lemuel_crystal_altar

Skill      XL: |  1  2  3  4 |
---------------+-------------+-----
Fighting       | 4 |  4.2
Maces & Flails | 3 |  3.0
Armour         | |  3.7
Shields        | |  3.8

Action                   |  1- 3 |  4- 6 || total
-------------------------+-------+-------++-------
Melee: Flail             |   103 |    45 ||   148
Throw: Dart              |    13 |     8 ||    21
  Use: Scroll            |     3 |       ||     3
Armor: Scale mail        |    56 |    17 ||    73
Dodge: Dodged            |    35 |    16 ||    51
Block: Kite shield       |    42 |    34 ||    76
       Reflection        |       |     1 ||     1

Table legend: (Time is in decaauts)
 A = Elapsed time spent in this place.
 B = Non-inter-level travel time spent in this place.
 C = Inter-level travel time spent in this place.
 D = Time resting spent in this place.
 E = Time spent auto-exploring this place.
 F = Levels seen in this place.
 G = Mean time per level.
                   A        B        C        D        E       F      G
               +--------+--------+--------+--------+--------+-----+--------+
         Total |   2509 |   2423 |     86 |      0 |   1983 |   3 |  836.3 |
       Dungeon |   2509 |   2423 |     86 |      0 |   1983 |   3 |  836.3 |
               +--------+--------+--------+--------+--------+-----+--------+

Top non-repeatable levels by time:
     D:2: 908 daAuts
     D:3: 866 daAuts
     D:1: 734 daAuts
